 Dungeon Crawl Stone Soup version 0.21-a0-79-g04744e2 (webtiles) character file.

4545 atomicknyte the Cleaver (level 10, -5/91 HPs)
             Began as a Hill Orc Fighter on June 22, 2017.
             Was a Believer of Qazlal.
             Slain by a 12-headed hydra (11 damage)
             ... on level 1 of the Lair of Beasts.
             The game lasted 00:32:57 (6595 turns).

atomicknyte the Cleaver (Hill Orc Fighter)          Turns: 6595, Time: 00:32:59

Health: -5/91      AC: 15    Str: 27    XL:     10   Next: 40%
Magic:  8/17       EV:  5    Int:  8    God:    Qazlal [**....]
Gold:   454        SH: 14    Dex: 11    Spells: 9/9 levels left

rFire    . . .     SeeInvis +   a - +0 war axe
rCold    . . .     Gourm    +   c - +0 shield
rNeg     . . .     Faith    .   G - +0 plate armour (curse)
rPois    .         Spirit   .   (no helmet)
rElec    .         Reflect  .   v - +0 cloak
rCorr    .         Harm     .   y - +0 pair of gloves
MR       .....                  o - +0 pair of boots
Stlth    ..........             K - amulet of the gourmand
HPRegen  0.25/turn              I - ring of see invisible
MPRegen  0.15/turn              F - +5 ring of strength

@: no status effects
A: no striking features
a: Upheaval, Renounce Religion


You were on level 1 of the Lair of Beasts.
You worshipped Qazlal.
Qazlal was pleased with you.
You were very full.

You visited 2 branches of the dungeon, and saw 9 of its levels.

You collected 454 gold pieces.

Inventory:

Hand Weapons
 a - a +0 war axe (weapon)
Missiles
 l - 5 tomahawks (quivered)
 n - 182 stones
Armour
 c - a +0 shield (worn)
 o - a +0 pair of boots (worn)
 u - a +2 chain mail of poison resistance
 v - a +0 cloak (worn)
 y - a +0 pair of gloves (worn)
 G - a cursed +0 plate armour (worn)
Jewellery
 h - an uncursed amulet of faith {unknown}
 p - an uncursed ring of positive energy
 t - a cursed ring of loudness {unknown}
 F - a +5 ring of strength (right hand)
 I - a ring of see invisible (left hand)
 K - an amulet of the gourmand (around neck)
Wands
 J - a wand of random effects (13/48)
Scrolls
 e - 2 scrolls of immolation
 i - 3 scrolls of blinking {unknown}
 r - 9 scrolls of remove curse
 s - a scroll of fear {unknown}
 w - 3 scrolls of teleportation
 z - a scroll of fog {unknown}
 A - a scroll of enchant weapon {unknown}
 N - a scroll of magic mapping {unknown}
Potions
 g - a potion of lignification {unknown}
 j - 6 potions of curing
 q - a potion of mutation {unknown}
 x - 2 potions of cancellation
 C - 2 potions of brilliance
 H - a potion of resistance {unknown}
 M - a potion of haste
Books
 D - a book of Air

   Spells                             Type                      Level
   a - Shock                          Conjuration/Air              1
   b - Swiftness                      Charms/Air                   2
   c - Static Discharge               Conjuration/Air              3
   d - Airstrike                      Air                          4
   e - Lightning Bolt                 Conjuration/Air              5
Comestibles
 b - 2 royal jellies
 d - 7 fruits
 f - 4 bread rations
 k - 2 meat rations


   Skills:
 - Level 9.1 Fighting
 - Level 12.5 Axes
 + Level 4.9 Armour
 + Level 4.9 Shields
 + Level 9.9 Invocations


You had 9 spell levels left.
You didn't know any spells.

Dungeon Overview and Level Annotations

Branches:
Dungeon (8/15)             Temple (0/1) D:7            Lair (1/6) D:8

Altars:
Ashenzari
Dithmenos
Okawaru
Qazlal
Wu Jian
Xom
Yredelemnul
Zin
The Shining One

Annotations:
D:2 Sigmund


Message History

* * * LOW HITPOINT WARNING * * *
You block the 12-headed hydra's attack. The 12-headed hydra bites you.
* * * LOW HITPOINT WARNING * * *
The 12-headed hydra bites you but does no damage.
The 12-headed hydra bites you.
* * * LOW HITPOINT WARNING * * *
The 12-headed hydra barely misses you.
You feel much better.
You block the 12-headed hydra's attack. x2
The 12-headed hydra closely misses you. You block the 12-headed hydra's attack.
The 12-headed hydra bites you.
* * * LOW HITPOINT WARNING * * *
The 12-headed hydra bites you.
* * * LOW HITPOINT WARNING * * *
The 12-headed hydra bites you but does no damage.
The 12-headed hydra completely misses you.
The 12-headed hydra bites you.
* * * LOW HITPOINT WARNING * * *
The 12-headed hydra bites you but does no damage.
The 12-headed hydra bites you!
You die...

..............#.........
..............#.........
..............##........
.................)...##
..............#.......##
............####.......#
...........##
#........## ...........#
##D.......# ..........##
#@...)...## #####...#.#
##†........# #.#.#.#
#..........# #####..
##.........# #.##
#.........# #.#
#.........# ).#
#.........# ..#
##.......P# ..#
#.#.....###


You could see a 12-headed hydra.

Vanquished Creatures
  Pikel (D:6)
  A komodo dragon (D:8)
  A spiny frog (Lair:1)
  Prince Ribbit (D:7)
  A hippogriff (D:7)
  Menkaure (D:7)
  A water moccasin (Lair:1)
  Duvessa (D:4)
  A slave (D:6)
  2 sky beasts
  An orc warrior (D:7)
  5 wolves (Lair:1)
  A crocodile (Lair:1)
  3 phantoms
  A centaur (D:7)
  Blork the orc (D:4)
  Dowan (D:4)
  4 bullfrogs
  A scorpion (D:5)
  4 wights (D:7)
  7 crimson imps
  2 centaur zombies
  6 hounds
  2 orc priests
  A bullfrog skeleton (D:7)
  Crazy Yiuf (D:2)
  Terence (D:2)
  Ijyb (D:4)
  4 iguanas
  5 orc wizards
  3 worker ants (D:7)
  A hound skeleton (D:7)
  2 worker ant zombies
  A howler monkey skeleton (D:5)
  8 adders
  A shadow imp (D:7)
  2 oozes
  2 adder skeletons
  6 leopard geckos
  12 orcs
  3 bats
  6 giant cockroaches
  4 goblins
  5 hobgoblins
  18 jackals
  3 kobolds
  5 quokkas
  5 ball pythons
  5 frilled lizards
  A jackal skeleton (D:6)
  A leopard gecko zombie (D:5)
  A quokka zombie (D:3)
  4 rats (D:1)
162 creatures vanquished.

Vanquished Creatures (others)
  5 dream sheep (D:7)
  A crimson imp (D:6)
  2 plants (D:8)
8 creatures vanquished.

Grand Total: 170 creatures vanquished

Notes
Turn   | Place    | Note
-------+----------+-------------------------------------------
     0 | D:1      | atomicknyte the Hill Orc Fighter began the quest for the Orb.
     0 | D:1      | Reached XP level 1. HP: 19/19 MP: 1/1
   104 | D:1      | Reached skill level 3 in Axes
   106 | D:1      | Reached XP level 2. HP: 14/27 MP: 2/2
   461 | D:2      | Noticed Sigmund
   492 | D:1      | Reached XP level 3. HP: 30/34 MP: 3/3
   822 | D:2      | Noticed Terence
   837 | D:2      | Killed Terence
   837 | D:2      | Reached skill level 5 in Fighting
   837 | D:2      | Reached skill level 4 in Axes
   837 | D:2      | Reached XP level 4. HP: 25/42 MP: 4/4
   951 | D:2      | Found a stormy altar of Qazlal.
  1100 | D:2      | Became a worshipper of Qazlal Stormbringer
  1139 | D:2      | Found a runed door.
  1143 | D:2      | Noticed Crazy Yiuf
  1158 | D:2      | Killed Crazy Yiuf
  1502 | D:3      | Noticed a sky beast
  1522 | D:3      | Killed a sky beast
  1522 | D:3      | Reached skill level 5 in Axes
  1522 | D:3      | Reached XP level 5. HP: 13/50 MP: 5/5
  1828 | D:3      | Found a shadowy altar of Dithmenos.
  1998 | D:3      | Reached XP level 6. HP: 57/57 MP: 6/6
  2088 | D:4      | Reached * piety under Qazlal
  2281 | D:4      | Noticed Duvessa
  2281 | D:4      | Noticed Dowan
  2292 | D:4      | Killed Duvessa
  2292 | D:4      | Reached skill level 6 in Axes
  2297 | D:4      | Killed Dowan
  2353 | D:4      | Noticed Blork the orc
  2364 | D:4      | Killed Blork the orc
  2364 | D:4      | Reached skill level 7 in Axes
  2364 | D:4      | Reached XP level 7. HP: 44/66 MP: 7/7
  2585 | D:4      | Noticed Ijyb
  2594 | D:4      | Killed Ijyb
  2836 | D:5      | Entered Level 5 of the Dungeon
  2875 | D:5      | Found a glowing golden altar of the Shining One.
  2956 | D:5      | Reached skill level 8 in Axes
  3133 | D:5      | Reached XP level 8. HP: 41/75 MP: 8/8
  3489 | D:5      | Found a glowing silver altar of Zin.
  3568 | D:5      | Found a basalt altar of Yredelemnul.
  3584 | D:5      | Found a shattered altar of Ashenzari.
  3589 | D:5      | Found an ornate altar of the Wu Jian Council.
  3712 | D:6      | Reached skill level 9 in Axes
  3719 | D:6      | Reached ** piety under Qazlal
  3739 | D:6      | Reached skill level 1 in Invocations
  3808 | D:6      | Noticed Pikel
  3822 | D:6      | Killed Pikel
  3822 | D:6      | Reached skill level 10 in Axes
  3822 | D:6      | Reached XP level 9. HP: 68/83 MP: 9/12
  3859 | D:6      | Reached skill level 5 in Invocations
  4372 | D:7      | Noticed Menkaure
  4379 | D:7      | Killed Menkaure
  4379 | D:7      | Reached skill level 11 in Axes
  4920 | D:7      | Reached skill level 12 in Axes
  4929 | D:7      | Noticed Prince Ribbit
  4956 | D:7      | Killed Prince Ribbit
  4983 | D:7      | Reached *** piety under Qazlal
  5390 | D:7      | Reached XP level 10. HP: 91/91 MP: 11/16
  5445 | D:7      | Found a staircase to the Ecumenical Temple.
  5550 | D:7      | Found a shimmering altar of Xom.
  5892 | D:8      | Found an iron altar of Okawaru.
  5979 | D:8      | Found a staircase to the Lair.
  6016 | Lair:1   | Entered Level 1 of the Lair of Beasts
  6500 | Lair:1   | Noticed a spiny frog
  6505 | Lair:1   | Killed a spiny frog
  6548 | Lair:1   | Noticed an eight-headed hydra
  6595 | Lair:1   | Slain by a 12-headed hydra

Vault maps used:
D:1:      saegor_arrival_simple_d
D:2:      grunt_qazlal_clouds, uniq_crazy_yiuf_cottage, uniq_sigmund,
          uniq_terence
D:3:      nicolae_dithmenos_through_a_glass_darkly, first_bread,
          minmay_shallow_snake_nest
D:4:      small_statue_intersection, uniq_ijyb, uniq_blork_the_orc, uniq_duvessa
D:5:      nicolae_overflow_crystal_walls, tso_metal_star,
          minmay_overflow_temple_star_quad
D:6:      uniq_pikel
D:7:      kb_xom_exploding_sheep, minmay_temple_entry_enclosed_plants,
          uniq_menkaure, uniq_prince_ribbit1
D:8:      corexii_shack_village, okawaru_gym_becter, david_lair_shrubbed,
          kennysheep_minor_cross, minmay_misc_feat_ornament

Skill      XL: |  1  2  3  4  5  6  7  8  9 10 |
---------------+-------------------------------+-----
Fighting       | 4 5 6 7 8 9 |  9.1
Axes           | 3 4 5 7 8 10 12 | 12.5
Invocations    | 4 8 9 |  9.9
Armour         | 4 |  4.9
Shields        | 4 |  4.9

Action                   |  1- 3 |  4- 6 |  7- 9 | 10-12 || total
-------------------------+-------+-------+-------+-------++-------
Melee: War axe           |   106 |   125 |   386 |    65 ||   682
Throw: Stone             |       |     7 |     9 |       ||    16
Invok: Upheaval          |       |       |     2 |     1 ||     3
       Elemental Force   |       |       |       |     1 ||     1
Evoke: Wand              |       |       |       |     6 ||     6
  Use: Potion            |       |     3 |     2 |     2 ||     7
       Scroll            |       |       |       |     9 ||     9
  Eat: Chunk             |       |     5 |    10 |    20 ||    35
Armor: Scale mail        |    49 |       |       |       ||    49
       Chain mail        |       |    58 |   160 |     4 ||   222
       Plate armour      |       |       |       |    54 ||    54
Dodge: Dodged            |    39 |    19 |    69 |    20 ||   147
Block: Shield            |    63 |    57 |   183 |    64 ||   367
